 Dungeon Crawl Stone Soup version 0.28.0 (webtiles) character file.

Game seed: 5854023465684164967

51 Akaron the Sneak (level 3, -7/24 HPs)
             Began as an Octopode Brigand on Feb 13, 2022.
             Mangled by an iguana (14 damage)
             ... on level 2 of the Dungeon.
             The game lasted 00:01:33 (1036 turns).

Akaron the Sneak (Octopode Brigand)                 Turns: 1036, Time: 00:01:34

Health: -7/24      AC:  1    Str: 10    XL:     3   Next: 83%
Magic:  3/3        EV: 13    Int: 13    God:
Gold:   87         SH:  0    Dex: 15    Spells: 2/2 levels left

rFire   . . .      SeeInvis .   a - +2 dagger
rCold   . . .      Faith    .   (no shield)
rNeg    . . .      Spirit   .   (helmet restricted)
rPois   .          Reflect  .   (no amulet)
rElec   .          Harm     .   (no ring)
rCorr   .          Rampage  .   (no ring)
Will    .....                   (no ring)
Stlth   +++++.....              (no ring)
HPRegen 0.08/turn               (no ring)
MPRegen 0.08/turn               (no ring)
                                (no ring)
                                (no ring)

@: no status effects
A: almost no armour, amphibious, 8 rings, camouflage 1, gelatinous body 1,
(nimble swimmer 1), tentacles
a: no special abilities


You were on level 2 of the Dungeon.
You visited 1 branch of the dungeon, and saw 2 of its levels.

You collected 87 gold pieces.

Inventory:

Hand Weapons
 a - a +2 dagger (weapon)
Missiles
 b - 9 poisoned darts (quivered)
 c - 2 curare-tipped darts
Jewellery
 f - an amulet of magic regeneration
Scrolls
 d - 3 scrolls of identify {unknown}
 g - a scroll of enchant weapon {unknown}
 k - a scroll of amnesia {unknown}
 l - a scroll of magic mapping {unknown}
Potions
 e - a potion of mutation {unknown}
 h - 2 potions of might {unknown}
 i - a potion of curing {unknown}
 j - a potion of lignification {unknown}


   Skills:
 + Level 2.1 Fighting
 + Level 2.1 Short Blades
 + Level 2.0 Throwing
 + Level 1.1 Dodging
 + Level 7.1 Stealth


You had 2 spell levels left.
You didn't know any spells.
Your spell library was empty.

Dungeon Overview and Level Annotations

Branches:
Dungeon (2/15)

Altars:


Innate Abilities, Weirdness & Mutations

You cannot wear most types of armour.
You are amphibious.
You can wear up to eight rings at the same time.
Your skin changes colour to match your surroundings (Stealth+).
Your rubbery body absorbs attacks. (AC +1, EV +1)
((You are camouflaged when in or above water. (Stealth+)))
You have tentacles for arms and can constrict up to eight enemies at once.


Message History

An iguana is nearby!
The iguana hisses angrily.
The iguana bites you!
You hit the iguana but do no damage. Your grab misses the iguana.
Your squeeze misses the iguana. The iguana bites you!
* * * LOW HITPOINT WARNING * * *
You are too injured to fight recklessly!
You are too injured to fight recklessly!
You are too injured to fight recklessly!
An iguana is nearby!
An iguana is nearby!
An iguana is nearby!
Throw: 13 darts (poison)
Press: ? - help, Q - select action, (/) - cycle Shift-Dir - straight line, f - iguana
Aim: an iguana (64% to hit)
You throw a poisoned dart. The poisoned dart hits the iguana.
The iguana is poisoned.
The iguana bites you but does no damage.
You see here 10 gold pieces.
The iguana looks more healthy.
There is an open door here.
The iguana hisses menacingly.
Throw: 12 darts (poison)
Press: ? - help, Q - select action, (/) - cycle Shift-Dir - straight line, f/p - iguana
Aim: an iguana (moderately wounded, 64% to hit)
You throw a poisoned dart.
The poisoned dart completely misses the iguana.
Throw: 11 darts (poison)
Press: ? - help, Q - select action, (/) - cycle Shift-Dir - straight line, f/p - iguana
Aim: an iguana (moderately wounded, 64% to hit)
You throw a poisoned dart.
The poisoned dart barely misses the iguana.
Throw: 10 darts (poison)
Press: ? - help, Q - select action, (/) - cycle Shift-Dir - straight line, f/p - iguana
Aim: an iguana (moderately wounded, 64% to hit)
You throw a poisoned dart.
The poisoned dart barely misses the iguana.
The iguana bites you!
Ouch! That really hurt!
You die...

#..#.#..##.....#
#...>†...#.....##
#..#.#...#....... ...
##................ ....
#.................
....####.................
.........................
................#.......#
........@l.....(#.......#
##..........'############
#.#####....#.≈≈≈≈≈≈≈≈≈##
# #........#≈.$(...(.≈##
#.#....###.#≈.♣♣♣♣♣♣.≈##
............#≈.♣ ≈##
............#≈.♣ #.
..##....###.#≈.♣ #.
........# #.#≈.♣ #.


You could see an iguana.

Vanquished Creatures
  2 adders (D:2)
  A dart slug (D:1)
  3 ball pythons
  2 bats
  7 endoplasms
  A giant cockroach (D:1)
  5 goblins (D:1)
  A hobgoblin (D:1)
  A jackal (D:2)
  2 kobolds (D:1)
  2 frilled lizards
  3 rats (D:1)
30 creatures vanquished.

Vanquished Creatures (others)
  2 plants (D:2)
2 creatures vanquished.

Grand Total: 32 creatures vanquished

Notes
Turn   | Place    | Note
-------+----------+-------------------------------------------
     0 | D:1      | Akaron the Octopode Brigand began the quest for the Orb.
     0 | D:1      | Reached XP level 1. HP: 14/14 MP: 1/1
    96 | D:1      | Found a faded altar of an unknown god.
   106 | D:1      | Reached XP level 2. HP: 19/19 MP: 2/2
   121 | D:1      | Reached skill level 6 in Stealth
   444 | D:1      | Reached XP level 3. HP: 22/24 MP: 3/3
   971 | D:2      | Reached skill level 7 in Stealth
  1036 | D:2      | Mangled by an iguana

Illustrated notes

Levels and vault maps discovered:
D:1:      co_arrival_square_in_a_square_in_a_square, layout_rooms,
          hellmonk_ecumenical_altar_blasted
D:2:      layout_basic, serial_bayou, serial_bayou_pond_d, serial_bayou_pond_e,
          serial_bayou_lagoon_a, serial_bayou_shore_a, serial_bayou_shore_b,
          serial_bayou_pond_e, kennysheep_pointless_box, st_stairs_14,
          amcnicky_mini_pool_small

Skill      XL: |  1  2  3 |
---------------+----------+-----
Stealth        | 6 7 |  7.1
Fighting       | |  2.1
Short Blades   | |  2.1
Throwing       | |  2.0
Dodging        | |  1.1

Action                   || total
-------------------------++-------
Melee: Dagger            ||    38
       Tentacles         ||     3
       Constrict         ||     4
       Punch             ||     1
Throw: Dart              ||     4
 Stab: Sleeping          ||    21
Armor: Skin              ||     2
Dodge: Dodged            ||     7
